 Dungeon Crawl Stone Soup version 0.30-a0-743-gbfdf073431 (webtiles) character file.

Game seed: 2477266705331046427

8473 Bnni the Skirmisher (level 11, -3/82 HPs)
             Began as a Formicid Hunter on Feb 5, 2023.
             Was a Priest of Hepliaklqana.
             Slain by a yak (11 damage)
             ... summoned by an orange crystal statue
             ... on level 9 of the Dungeon.
             The game lasted 00:24:24 (8918 turns).

Bnni the Skirmisher (Formicid Hunter)               Turns: 8918, Time: 00:24:25

Health: -3/82      AC:  7    Str: 16    XL:     11   Next: 56%
Magic:  9/11       EV: 12    Int:  9    God:    Hepliaklqana [***...]
Gold:   511        SH:  0    Dex: 21    Spells: 10/10 levels left

rFire   . . .      SeeInvis +    a - +0 shortbow
rCold   . . .      Faith    .    (no shield)
rNeg    . . .      Spirit   .    j - +2 leather armour {Will+}
rPois   +          Reflect  .    (helmet unavailable)
rElec   .          Harm     .    (no cloak)
rCorr   +          Rampage  .    c - +0 pair of gloves
Will    ++...                    J - +0 pair of boots
Stlth   +++                      (no amulet)
HPRegen 0.33/turn                t - ring of resist corrosion
MPRegen 0.12/turn                v - ring of poison resistance

@: no status effects
A: reduced essence, permanent stasis, dig shafts and tunnels, antennae 3, four
strong arms
a: Dig, Shaft Self, Renounce Religion, Recall Ancestor, Ancestor Identity,
Transference


You were on level 9 of the Dungeon.
You worshipped Hepliaklqana.
Hepliaklqana was most pleased with you.
You visited 2 branches of the dungeon, and saw 11 of its levels.

You collected 511 gold pieces.

Inventory:

Hand Weapons
 a - a +0 shortbow (weapon)
Missiles
 l - 32 poisoned darts
Armour
 c - a +0 pair of gloves (worn)
 j - a +2 leather armour of willpower (worn)
 y - a +0 kite shield
 J - a +0 pair of boots (worn)
Jewellery
 t - a ring of resist corrosion (left hand)
 v - a ring of poison resistance (right hand)
 A - a ring of fire
 B - a +6 ring of intelligence
Wands
 e - a wand of digging (4)
 F - a wand of iceblast (4)
Scrolls
 b - 6 scrolls of immolation
 f - 5 scrolls of magic mapping
 h - a scroll of torment {unknown}
 i - 2 scrolls of enchant weapon {unknown}
 w - 4 scrolls of fear {unknown}
 C - 2 scrolls of amnesia
 K - a scroll of enchant armour {unknown}
Potions
 m - 2 potions of brilliance {unknown}
 n - a potion of cancellation
 o - 2 potions of flight {unknown}
 p - a potion of haste {unknown}
 r - 2 potions of ambrosia {unknown}
 u - 2 potions of magic {unknown}
 x - 2 potions of might
 z - 2 potions of lignification {unknown}
 H - a potion of resistance {unknown}
 I - a potion of degeneration {unknown}


   Skills:
 + Level 10.5 Fighting
 * Level 13.8 Ranged Weapons
 - Level 1.7 Dodging
 - Level 4.2 Stealth
 + Level 6.1 Shields


You had 10 spell levels left.
You didn't know any spells.
Your spell library contained the following spells:

 Spells                   Type           Power      Damage    Failure   Level
 Summon Small Mammal      Summ           0%         N/A       45%         1
 Lesser Beckoning         Tloc           0%         N/A       58%         2
 Momentum Strike          Conj/Tloc      0%         3d8       58%         2
 Call Canine Familiar     Summ           0%         N/A       83%         3
 Gell's Gravitas          Tloc           0%         N/A       83%         3
 Summon Guardian Golem    Hex/Summ       0%         N/A       83%         3
 Teleport Other           Tloc           0%         N/A       83%         3
 Dispersal                Tloc           0%         N/A       100%        6
 Blink                    Tloc           Unusable   N/A       N/A         2

Dungeon Overview and Level Annotations

Branches:
Dungeon (10/15)            Temple (1/1) D:4            Lair (0/5) D:9
    Orc: D:9-12

Altars:
Ashenzari
Cheibriados
Dithmenos
Elyvilon
Fedhas
Gozag
Hepliaklqana
Kikubaaqudgha
Makhleb
Nemelex Xobeh
Okawaru
Qazlal
Ru
Sif Muna
Trog
Uskayaw
Vehumet
Wu Jian
Yredelemnul
The Shining One

Shops:
D:2 (   D:4 [   D:5 (   D:8 !

Annotations:
D:9 exclusion: orange crystal statue


Innate Abilities, Weirdness & Mutations

Your life essence is reduced to manifest your ancestor. (-10% HP)
You cannot be hasted, slowed, berserked, paralysed or teleported.
You can dig through walls and to a lower floor.
You have a pair of large antennae on your head. (SInv)
Your four strong arms can wield two-handed weapons with a shield.


Message History

You can't transfer your ancestor with himself.
The floor.
Okay, then.
Select a target.
Press: ? - help, Dir - move target, f - yak, p - yak
Aim: a yak (summoned)
The floor.
You fail to use your ability.
The yak barely misses you. The yak closely misses you. The yak gores you!
* * * LOW HITPOINT WARNING * * *
Tankston McGee hits the yak with a +0 flail.
Select a target.
Press: ? - help, Dir - move target, f/p - yak
Aim: a yak (summoned)
The floor.
You fail to use your ability.
The yak gores you!
* * * LOW HITPOINT WARNING * * *
The yak barely misses you. The yak gores you.
* * * LOW HITPOINT WARNING * * *
Tankston McGee hits the yak with a +0 flail!
The yak dies!
The yak's corpse dissolves into shadows!
You feel better. The yak closely misses you. x2
Tankston McGee closely misses the yak.
Select a target.
Press: ? - help, Dir - move target, f - you, p - yak The floor, spattered with blood.
You swap with Tankston McGee!
The yak closely misses you.
Tankston McGee hits the yak with a +0 flail.
Okay, then.
Okay, then.
Okay, then.
Okay, then.
Throw: dart (curare)
Press: ? - help, Shift-Dir - straight line, f - yak
Aim: a yak (lightly wounded, summoned, ally target, 76% to hit)
You throw a curare-tipped dart.
The curare-tipped dart barely misses the yak.
The yak gores you!
You die...

#............#
#...#####....# #...#
#....# #...# #....#
#...+ #....# #...#
#....##### ....#
#.....(.R# ....#
#......YY#
....#####.......@#
.................#
..##'####........##
..#.....#.........#
..#.....#†........#
..#............#..##
..###..............#
...................#
)...................#


You could see the friendly Tankston McGee the knight and 2 yaks.

Vanquished Creatures
  Pikel (D:9)
  Grinder (D:3)
  Sigmund (D:2)
  A wyvern (D:8)
  3 steam dragons
  2 vampire mosquitoes (D:9)
  Duvessa (D:5)
  5 orc warriors
  Pargi (D:4)
  A black bear (D:7)
  3 wolves (D:9)
  3 centaurs (D:8)
  8 ogres
  3 lemures (D:9)
  3 phantoms
  2 kobold brigands (D:8)
  3 scorpions
  A bullfrog (D:6)
  Dowan (D:5)
  An electric eel (D:9)
  9 howler monkeys
  2 lava snakes (D:9)
  4 hounds
  3 gnoll boudas (D:7)
  13 orc priests
  2 jellies
  10 orc wizards
  A human skeleton (D:8)
  9 gnolls
  7 adders
  3 white imps
  An ufetubus (D:4)
  2 dart slugs
  50 orcs
  10 endoplasms
  3 giant cockroaches
  5 goblins
  4 hobgoblins
  4 jackals (D:4)
  6 quokkas
  4 ball pythons
  6 bats
  2 frilled lizards
  16 kobolds
  An orc skeleton (D:8)
  2 orc zombies (D:8)
  6 rats
230 creatures vanquished.

Vanquished Creatures (collateral kills)
  The ghost of voronchuk the Magician, a novice DECj (D:7)
  A kobold demonologist (D:7)
  2 trolls
  A vampire (D:9)
  Menkaure (D:7)
  Edmund (D:5)
  A warg (D:7)
  3 orc warriors
  3 ogres (D:7)
  A lemure (D:9)
  A necrophage (D:5)
  An elf skeleton (D:8)
  4 howler monkeys (D:7)
  3 gnoll boudas (D:7)
  6 hounds
  2 orc wizards
  4 gnolls (D:7)
  5 orcs
  An orc skeleton (D:8)
42 creatures vanquished.

Vanquished Creatures (others)
  A knight (D:7)
  2 ancestors
  A plant (D:7)
4 creatures vanquished.

Grand Total: 276 creatures vanquished

Notes
Turn   | Place    | Note
-------+----------+-------------------------------------------
     0 | D:1      | Bnni the Formicid Hunter began the quest for the Orb.
     0 | D:1      | Reached XP level 1. HP: 16/16 MP: 1/1
    41 | D:1      | Reached XP level 2. HP: 23/23 MP: 2/2
   379 | D:1      | Reached XP level 3. HP: 28/28 MP: 3/3
   792 | D:2      | Noticed Sigmund
   802 | D:2      | Killed Sigmund
   803 | D:2      | Reached skill level 6 in Ranged Weapons
   803 | D:2      | Reached XP level 4. HP: 26/37 MP: 4/4
   803 | D:2      | Reached XP level 5. HP: 29/42 MP: 5/5
   803 | D:2      | Reached XP level 6. HP: 34/48 MP: 6/6
  1209 | D:2      | Found Lal Zewn's Antique Weapon Boutique.
  1290 | D:2      | Found a faded altar of an unknown god.
  1513 | D:3      | Noticed Grinder
  1522 | D:3      | Killed Grinder
  1523 | D:3      | Reached XP level 7. HP: 45/55 MP: 7/7
  1591 | D:3      | Reached skill level 7 in Ranged Weapons
  1862 | D:3      | Identified the +1 leather armour "Qanapnul" {rCorr}
  2476 | D:3      | Reached skill level 5 in Fighting
  2477 | D:3      | HP: 2/56 [orc wizard/+0 dagger (4)]
  2814 | D:4      | Reached skill level 8 in Ranged Weapons
  2814 | D:4      | Reached XP level 8. HP: 63/63 MP: 8/8
  2919 | D:4      | Noticed Pargi
  2944 | D:4      | Killed Pargi
  2999 | D:4      | Found a staircase to the Ecumenical Temple.
  3006 | Temple   | Entered the Ecumenical Temple
  3058 | Temple   | Became a worshipper of Hepliaklqana the Forgotten
  3079 | D:4      | Found Bacsanix's Antique Armour Shop.
  3350 | D:4      | Reached skill level 9 in Ranged Weapons
  3684 | D:5      | Entered Level 5 of the Dungeon
  3942 | D:5      | Noticed Edmund
  3970 | D:5      | You fall into a shaft and drop 3 floors!
  4260 | D:8      | Reached XP level 9. HP: 47/71 MP: 9/9
  4281 | D:8      | Reached skill level 10 in Ranged Weapons
  4626 | D:8      | Found a snail-covered altar of Cheibriados.
  4655 | D:8      | Found a sacrificial altar of Ru.
  4856 | D:7      | Reached * piety under Hepliaklqana
  5060 | D:5      | Found a radiant altar of Vehumet.
  5062 | D:5      | Found a white marble altar of Elyvilon.
  5075 | D:5      | Killed Edmund
  5159 | D:5      | Noticed Dowan
  5160 | D:5      | Noticed Duvessa
  5188 | D:5      | Killed Duvessa
  5189 | D:5      | Killed Dowan
  5372 | D:5      | Found a sparkling altar of Nemelex Xobeh.
  5437 | D:5      | Reached skill level 11 in Ranged Weapons
  5484 | D:5      | Found Parph's Antique Weapon Emporium.
  5719 | D:6      | Identified the +0 leather armour "Soshoig" {rC+}
  6118 | D:7      | Found a runed translucent door.
  6119 | D:7      | Noticed a troll
  6120 | D:7      | Noticed voronchuk's ghost (novice DECj)
  6151 | D:7      | Reached XP level 10. HP: 73/73 MP: 10/10
  6173 | D:7      | You fall into a shaft and drop 3 floors!
  6173 | D:10     | Entered Level 10 of the Dungeon
  6413 | D:9      | Reached ** piety under Hepliaklqana
  6415 | D:9      | Remembered your ancestor Tankston McGee as a knight
  6537 | D:9      | Reached skill level 12 in Ranged Weapons
  6969 | D:8      | Reached skill level 1 in Shields
  7096 | D:8      | Found Fuwkezi's Distillery.
  7599 | D:7      | Noticed Menkaure
  7603 | D:7      | Killed Menkaure
  7749 | D:7      | Noticed a kobold demonologist
  7757 | D:7      | Killed a kobold demonologist
  7758 | D:7      | Reached XP level 11. HP: 62/81 MP: 11/11
  7775 | D:7      | Reached skill level 13 in Ranged Weapons
  7812 | D:7      | Reached skill level 10 in Fighting
  7996 | D:7      | Reached skill level 5 in Shields
  8304 | D:7      | Killed voronchuk's ghost
  8591 | D:9      | Reached *** piety under Hepliaklqana
  8598 | D:9      | Found a staircase to the Lair.
  8634 | D:9      | Noticed Pikel
  8648 | D:9      | Killed Pikel
  8883 | D:9      | Noticed an orange crystal statue
  8915 | D:9      | HP: 1/82 [yak[an orange crystal statue] (5)]
  8918 | D:9      | Slain by a yak

Illustrated notes

Levels and vault maps discovered:
D:1:      reono_arrival_forest_river, layout_basic, minmay_vboxes
D:2:      minmay_skewed_foursquare, layout_basic,
          chequers_ecumenical_altar_island, serial_shops, nicolae_shop_crystal,
          uniq_sigmund
D:3:      layout_basic, nicolae_titane, uniq_grinder
D:4:      layout_loops_ring, minmay_temple_entry_junction_2, serial_shops,
          nicolae_stop_n_shop_2, nicolae_concentric_dashed_squares_wild,
          uniq_pargi
D:5:      layout_basic, chequers_temple_overflow_statue_of_worship,
          serial_shops, nicolae_shop_window_shopping, uniq_duvessa, uniq_edmund
D:6:      layout_rooms, minivault_27
D:7:      lemuel_castle_with_subvaults [lemuel_castle_interior_carwin_3],
          layout_cave_pools, ebering_ghost_inner_flame, uniq_menkaure
D:8:      cheibrodos_steamvent, layout_basic, mainiacjoe_overflow_swirl,
          serial_shops, shop, nicolae_ossuary_entry_catacombs
D:9:      layout_irregular_city, erik_lair_island, disabler_island, uniq_pikel
D:10:     minmay_the_grid_octo_tiled_octocenter [minmay_the_grid_octo_clover_2,
          minmay_the_grid_octo_pinwheel, minmay_the_grid_octo_focus,
          minmay_the_grid_octo_checkered, minmay_the_grid_octo_prize_big_c,
          minmay_the_grid_square_5x5_hollow_slash,
          minmay_the_grid_square_5x5_shuriken,
          minmay_the_grid_square_5x5_shrine1,
          minmay_the_grid_square_5x5_almost_minimal], layout_rooms
Temple:   nicolae_temple_bog_church

Skill      XL: |  1  2  3  4  5  6  7  8  9 10 11 |
---------------+----------------------------------+-----
Fighting       | 4 5 6 8 9 10 | 10.5
Ranged Weapons | 6 8 9 11 12 13 | 13.8
Stealth        | 4 |  4.2
Shields        | 3 6 |  6.1
Dodging        | |  1.7

Action                     |  1- 3 |  4- 6 |  7- 9 | 10-12 || total
---------------------------+-------+-------+-------+-------++-------
  Melee: Shortbow          |       |       |     1 |       ||     1
   Fire: Shortbow          |    64 |    51 |   459 |   424 ||   998
  Throw: Dart              |       |       |    14 |     2 ||    16
 Invoke: Ancestor Identity |       |       |     1 |       ||     1
         Recall Ancestor   |       |       |       |     4 ||     4
         Ancestor Life: Kn |       |       |       |     1 ||     1
         Transference      |       |       |       |     1 ||     1
Ability: Dig               |       |       |     2 |     1 ||     3
         Shaft Self        |       |       |     1 |     1 ||     2
  Evoke: Wand              |       |       |       |     1 ||     1
    Use: Potion            |       |       |     1 |     4 ||     5
         Scroll            |       |       |       |     8 ||     8
 Armour: Leather armour    |    10 |     9 |    78 |    21 ||   118
  Dodge: Dodged            |    16 |    13 |   164 |    55 ||   248

Table legend: (Time is in decaauts)
 A = Elapsed time spent in this place.
 B = Non-inter-level travel time spent in this place.
 C = Inter-level travel time spent in this place.
 D = Time resting spent in this place.
 E = Time spent auto-exploring this place.
 F = Levels seen in this place.
 G = Mean time per level.
                   A        B        C        D        E       F      G
               +--------+--------+--------+--------+--------+-----+--------+
         Total |   8961 |   8707 |    254 |   1234 |   5458 |  11 |  814.6 |
       Dungeon |   8890 |   8652 |    238 |   1234 |   5420 |  10 |  889.0 |
        Temple |     71 |     55 |     16 |      0 |     38 |   1 |   71.0 |
               +--------+--------+--------+--------+--------+-----+--------+

Top non-repeatable levels by time:
     D:8: 1455 daAuts
     D:7: 1233 daAuts
     D:3: 1209 daAuts
     D:5: 1021 daAuts
     D:4: 967 daAuts
     D:9: 778 daAuts
     D:1: 763 daAuts
     D:2: 756 daAuts
     D:6: 466 daAuts
    D:10: 238 daAuts
  Temple: 71 daAuts
